 Dungeon Crawl Stone Soup version 0.29.1-1-gd02db6906a (webtiles) character file.

Game seed: 14982269385678544389

47308 croobank the Spry (level 14, -6/73 HPs)
             Began as a Felid Summoner on Oct 21, 2022.
             Was an Initiate of Gozag.
             Killed from afar by Nikola (46 damage)
             ... with an arc of chain lightning
             ... on level 2 of the Spider Nest.
             The game lasted 04:11:39 (42018 turns).

croobank the Spry (Felid Summoner)                 Turns: 42018, Time: 04:11:40

Health: -6/73      AC:  3    Str:  4    XL:     14   Next: 8%
Magic:  28/39      EV: 32    Int: 23    God:    Gozag
Gold:   376        SH:  0    Dex: 18    Spells: 3/35 levels left
                                        Lives:  0   Deaths: 4

rFire   . . .      SeeInvis +   (weapon unavailable)
rCold   + + .      Faith    .   (shield unavailable)
rNeg    + . .      Spirit   .   (body armour unavailable)
rPois   +          Reflect  .   (helmet unavailable)
rElec   .          Harm     .   (cloak unavailable)
rCorr   .          Rampage  .   (gloves unavailable)
Will    ++...                   (boots unavailable)
Stlth   +++.......              D - amulet of regeneration
HPRegen 1.02/turn               O - ring of Ru's Delight {rPois rC+ rN+}
MPRegen 0.26/turn               y - ring of magical power

@: forested, quick
A: very small, claws 1, fangs 3, see invisible, speed 1, shaggy fur 3, stealthy
paws, no weapons or thrown items, no armour, multi-lived
a: Renounce Religion, Potion Petition, Call Merchant, Bribe Branch


You were on level 2 of the Spider Nest.
You worshipped Gozag.
Gozag was aware of your devotion.
You visited 6 branches of the dungeon, and saw 24 of its levels.

You collected 8227 gold pieces.
You spent 5387 gold pieces at shops.
You paid 2464 gold pieces to Gozag.

Inventory:

Jewellery
 j - a +6 ring of strength
 k - a ring of fire
 q - a ring of ice
 s - a +4 ring of protection
 t - a ring of positive energy
 u - an amulet of guardian spirit
 y - a ring of magical power (right paw)
 A - a ring of willpower
 C - a ring of protection from cold
 D - an amulet of regeneration (around neck)
 K - a +4 ring of evasion
 M - a ring of resist corrosion
 O - the ring of Ru's Delight (left paw) {rPois rC+ rN+}
   (You bought it in a shop on level 2 of the Orcish Mines)

   [ring of positive energy]

   rC:        It protects you from cold.
   rPois:     It protects you from poison.
   rN:        It protects you from negative energy.
 P - a ring of protection from fire
 Q - a ring of flight
 R - a ring of protection from cold
Wands
 a - a wand of paralysis (19)
 g - a wand of light (13)
 h - a wand of flame (15)
 v - a wand of mindburst (28)
 w - a wand of polymorph (14)
 T - a wand of digging (9)
Scrolls
 c - 5 scrolls of teleportation
 e - 2 scrolls of poison
 f - 2 scrolls of immolation
 l - 3 scrolls of fog
 r - 2 scrolls of noise
 x - 3 scrolls of amnesia
 B - 2 scrolls of identify
 N - 3 scrolls of magic mapping
Potions
 b - 7 potions of lignification
 d - 4 potions of mutation
 i - 2 potions of flight
 o - 3 potions of curing
 p - 5 potions of brilliance
 z - 2 potions of haste
 F - 2 potions of attraction
 H - 2 potions of might
 I - 2 potions of cancellation
 J - 2 potions of resistance
Miscellaneous
 n - a piece from Xom's chessboard (15/15)
 L - a box of beasts


   Skills:
 - Level 15.0 Fighting
 - Level 19.0 Dodging
 - Level 3.2 Stealth
 + Level 11.1 Spellcasting
 - Level 3.3 Conjurations
 - Level 5.0 Hexes
 - Level 13.0 Summonings
 - Level 10.0 Translocations
 + Level 4.0 Transmutations
 - Level 5.0 Ice Magic
 - Level 7.0 Air Magic


You had 3 spell levels left.
You knew the following spells:

 Your Spells              Type           Power      Damage    Failure   Level
a - Summon Small Mammal   Summ           100%       N/A       1%          1
b - Call Imp              Summ           64%        N/A       1%          2
c - Call Canine Familiar  Summ           64%        N/A       1%          3
d - Summon Guardian Gole  Hex/Summ       53%        N/A       1%          3
e - Summon Lightning Spi  Summ/Air       56%        N/A       1%          4
f - Summon Ice Beast      Ice/Summ       53%        N/A       1%          4
g - Summon Cactus Giant   Summ           32%        N/A       3%          6
h - Summon Forest         Summ/Tloc      30%        N/A       1%          5
i - Iskenderun's Mystic   Conj/Tloc      43%        2d10      3%          4

Your spell library contained the following spells:

 Spells                   Type           Power      Damage    Failure   Level
 Shock                    Conj/Air       100%       1d9       1%          1
 Frozen Ramparts          Ice            70%        1d11      1%          3
 Swiftness                Air            45%        N/A       1%          3
 Sting                    Tmut/Pois      88%        1d7       2%          1
 Scorch                   Fire           24%        2d6       8%          2
 Airstrike                Air            22%        2d(4-20)  2%          4
 Cause Fear               Hex            17%        N/A       6%          4
 Ice Form                 Ice/Tmut       33%        N/A       8%          4
 Fulminant Prism          Conj/Hex       16%        3d11      9%          4
 Anguish                  Hex/Necr       12%        N/A       19%         4
 Leda's Liquefaction      Hex/Erth       12%        N/A       19%         4
 Flame Wave               Conj/Fire      20%        2d7       26%         4
 Lee's Rapid Deconstruct  Erth           6%         3d7*      80%         5
 Enfeeble                 Hex            17%        N/A       99%         7
 Dragon Form              Tmut           15%        N/A       100%        7
 Borgnjor's Revivificati  Necr           6%         N/A       100%        8
 Necromutation            Tmut/Necr      11%        N/A       100%        8
 Death's Door             Necr           6%         N/A       100%        9
 Dragon's Call            Summ           32%        N/A       100%        9
 Portal Projectile        Hex/Tloc       Unusable   N/A       N/A         3
 Animate Armour           Summ/Erth      Unusable   N/A       N/A         4

Dungeon Overview and Level Annotations

Branches:
Dungeon (12/15)            Temple (1/1) D:7            Lair (5/5) D:11
  Swamp (2/4) Lair:2       Spider (2/4) Lair:3        Slime (0/5) Lair:5
    Orc (2/2) D:10            Elf (0/3) Orc:2

Altars:
Ashenzari
Cheibriados
Dithmenos
Elyvilon
Fedhas
Gozag
Hepliaklqana
Kikubaaqudgha
Makhleb
Nemelex Xobeh
Okawaru
Qazlal
Ru
Sif Muna
Trog
Uskayaw
Vehumet
Wu Jian
Xom
Yredelemnul
Zin
The Shining One
Jiyva

Shops:
D:7 ?   D:10 :   Orc:2 =(*[===   Lair:3 :

Annotations:
D:3 2 runed translucent doors, lonewolfV2's ghost, amateur FeFi
Lair:1 exclusion: oklob plant
Lair:2 2 transporters, Urhesoog's ghost, journeyman PaAM
Lair:3 3 runed translucent doors, Yjeari's ghost, journeyman GrMo
Lair:4 exclusion: oklob plant
Spider:2 Nikola


Innate Abilities, Weirdness & Mutations

You have sharp claws.
You have razor-sharp teeth.
You have supernaturally acute eyesight. (SInv)
You cover ground quickly. (Speed+)
Your thick and shaggy fur keeps you warm. (AC +3, rC+)
Your paws help you pounce on unaware monsters.
You are incapable of wielding weapons or throwing items.
You cannot wear armour.
You gain extra lives every three experience levels.


Message History

You meow for attention!
What are your orders? t - Meow!
Orders for allies: a - Attack new target. r - Retreat! s - Stop attacking. g - Guard the area. f - Follow me.
Anything else - Cancel.
You meow for attention!
Really read the scroll of noise?
As you read the scroll of noise, it crumbles to dust.
You hear a loud clanging noise!
You hear a shout!
You hear a faint skittering sound. x3
Really read the scroll of noise?
As you read the scroll of noise, it crumbles to dust.
You hear a loud clanging noise!
You hear a faint skittering sound. x2
You hear a hideous shriek!
You start waiting.
Nikola the Mad Inventor comes into view.
He is wielding a +4 rapier of electrocution and wearing a +1 cloak of willpower.
Search for what [? for help]?
Okay, then.
Search for what [? for help]? rElec Can't find anything matching that.
Unknown command.
Casting: Summon Forest (dangerous; 1% risk of failure)
Press: ? - help, Q - select action, (/) - cycle Dir - look around, f - activate A forested plane collides here with a resounding crunch!
Your dryad calls out to the forest.
The forest starts to sway and rumble!
Nikola gestures wildly while chanting.
Lightning arcs from Nikola's hands!
The bolt of lightning hits you!!
Casting: Summon Forest (dangerous; 1% risk of failure)
Confirm with . or Enter, or press ? or * to list all spells.
Tree limbs sway around you.
Nikola casts a spell.
Lightning arcs from Nikola's hands!
The bolt of lightning hits your cactus giant!!
The bolt of lightning hits you!!!
Ouch! That really hurt!
You die...
Your body crumbles into a pile of gold.

..... #♣#♣♣#.## #...
#....^..♣# .. ##...
##......♣.♣#
..##....##..#.......♣
#.. #....###......♣
#... ##..## ♣...R..♣
#...###B..###.....##
#...###@.......# ..
##..# #...^.@..♣ ..#
#...###...C....#
#.#.###...###♣...#♣
... #..####....#
#..#.###....#♣....#
^.# #...###......♣♣
.. #...# #..##..#
#...# #...#..# ###.#
##.##..#


You could see Nikola (ally target), a friendly dryad (summoned) and a friendly
cactus giant (summoned).

Vanquished Creatures
  Asterion (Spider:1)
  A two-headed ogre (Orc:2)
  A pharaoh ant (Lair:3)
  A swamp dragon (Swamp:1)
  A nameless horror (Lair:1)
  A wolf spider (Spider:2)
  A moth of wrath (Spider:1)
  A hornet (D:9)
  2 tarantellas (Lair:3)
  A wyvern (D:9)
  2 redbacks
  A wolf (Lair:5)
  A kobold brigand (D:9)
  A gnoll sergeant (D:6)
  An orc (D:9)
  2 endoplasms
  A giant cockroach (D:4)
  2 goblins (D:2)
  2 hobgoblins (D:4)
  A quokka (D:1)
  3 bats
  A frilled lizard (D:2)
  A hobgoblin zombie (D:10)
  4 kobolds
  An orc skeleton (D:10)
35 creatures vanquished.

Vanquished Creatures (collateral kills)
  Mlioglotl (Swamp:1)
  Gastronok (Lair:1)
  2 emperor scorpions
  2 bunyips
  3 eleionomae
  An entropy weaver (Spider:1)
  Erolcha (D:9)
  4 ogre magi (Orc:2)
  10 hydras
  A jorogumo (Lair:3)
  A radroach (Lair:3)
  11 two-headed ogres
  2 alligators (Swamp:2)
  An orc high priest (Orc:1)
  7 pharaoh ants
  A sun moth (Spider:2)
  8 swamp dragons
  2 goliath frogs (Swamp:1)
  4 orb spiders
  2 spriggan druids
  2 bog bodies
  3 steelbarb worms
  4 wolf spiders
  An orc knight (Orc:2)
  A will-o-the-wisp (Swamp:1)
  2 orc sorcerers (Orc:2)
  2 moths of wrath (Spider:2)
  20 elephants
  5 cane toads
  3 black mambas
  3 torpor snails
  Psyche (D:11)
  7 demonic crawlers
  An unseen horror (D:11)
  2 rime drakes
  6 komodo dragons
  5 trolls
  3 polar bears
  8 tarantellas
  9 tyrant leeches
  2 slime creatures (Lair:5)
  9 dream sheep
  10 hornets
  18 jumping spiders
  11 blink frogs
  7 culicivoras
  2 wraiths
  16 spriggans
  4 basilisks
  3 wyverns
  30 yaks
  24 redbacks
  2 vampire mosquitoes (D:11)
  5 wargs
  9 swamp worms
  8 water moccasins
  10 orc warriors
  A nameless horror (Lair:5)
  A sky beast (D:6)
  5 black bears
  5 swamp drakes (Swamp:1)
  3 boggarts (Lair:5)
  26 ogres
  28 wolves
  A phantom (D:10)
  3 kobold brigands
  A gnoll sergeant (D:10)
  10 bullfrogs
  A scorpion (D:5)
  A wight (D:6)
  A troll zombie (D:10)
  5 howler monkeys
  3 jellies
  12 orc priests
  2 hounds
  Jessica (D:3)
  6 hell rats (Lair:1)
  3 iguanas
  15 orc wizards
  6 ogre zombies (D:10)
  11 gnolls
  7 adders
  A white imp (D:7)
  2 worms
  2 dart slugs
  62 orcs
  6 endoplasms
  3 giant cockroaches
  8 goblins
  4 hobgoblins
  7 jackals (D:1)
  20 kobolds
  5 quokkas
  8 ball pythons
  3 bats
  2 frilled lizards
  A goblin skeleton (D:10)
  3 hobgoblin skeletons (D:10)
  2 hobgoblin zombies (D:10)
  2 orc skeletons (D:10)
  11 orc zombies (D:10)
  10 rats
643 creatures vanquished.

Vanquished Creatures (others)
  Aizul (Spider:2)
  An eleionoma (Swamp:1)
  2 hydras
  A boulder beetle (Lair:3)
  An alligator (Swamp:2)
  2 two-headed ogres
  A spriggan (Lair:5)
  A swamp dragon (Swamp:1)
  3 elephants
  A cane toad (Lair:3)
  A demonic crawler (Spider:1)
  A komodo dragon (Lair:2)
  2 bloated husks (Swamp:1)
  A blink frog (Lair:3)
  A hornet (Lair:5)
  3 dream sheep (Lair:4)
  4 polar bears
  A jumping spider (Spider:2)
  2 shadows (D:10)
  A wyvern (D:7)
  24 yaks
  A basilisk (D:8)
  A steam dragon (D:9)
  4 redbacks (Spider:2)
  3 water moccasins
  An ice beast (D:7)
  2 orc warriors
  6 ogres
  5 wolves
  2 centaurs (D:8)
  A boggart (Lair:5)
  3 bullfrogs
  A scorpion (D:5)
  A gnoll sergeant (D:8)
  11 wights
  An iguana (D:6)
  An orc wizard (D:5)
  An ogre zombie (D:10)
  2 gnolls (D:10)
  2 orcs
  A kobold (D:7)
  A hobgoblin zombie (D:10)
  An orc skeleton (D:10)
  2 orc zombies (D:10)
  A butterfly (D:6)
  6 foxfires (Swamp:1)
  29 fungi
  55 plants
  9 snaplasher vines
209 creatures vanquished.

Grand Total: 887 creatures vanquished

Notes
Turn   | Place    | Note
-------+----------+-------------------------------------------
     0 | D:1      | croobank the Felid Summoner began the quest for the Orb.
     0 | D:1      | Reached XP level 1. HP: 7/7 MP: 4/4
   182 | D:1      | Reached skill level 3 in Dodging
   190 | D:1      | Reached XP level 2. HP: 11/11 MP: 1/6
   290 | D:1      | Learned a level 2 spell: Call Imp
   723 | D:1      | Reached XP level 3. HP: 15/15 MP: 3/7
  1950 | D:2      | Reached skill level 1 in Fighting
  2634 | D:3      | Reached XP level 4. HP: 19/19 MP: 3/8
  2721 | D:3      | Learned a level 3 spell: Call Canine Familiar
  2766 | D:3      | Noticed Jessica
  2768 | D:3      | Killed Jessica
  2898 | D:3      | Reached skill level 4 in Dodging
  3377 | D:3      | Identified the +1 scale mail of the Leaf {rF+ Str+2 Dex-2}
  3589 | D:3      | Noticed an ogre
  3607 | D:3      | Killed an ogre
  3608 | D:3      | Reached XP level 5. HP: 22/22 MP: 4/10
  3612 | D:3      | Learned a level 3 spell: Summon Guardian Golem
  3846 | D:3      | Found a runed translucent door.
  3847 | D:3      | Noticed lonewolfV2's ghost (amateur FeFi)
  3964 | D:3      | Found a runed translucent door.
  4598 | D:4      | Found a hazy altar of Hepliaklqana.
  4598 | D:4      | Found a stormy altar of Qazlal.
  4598 | D:4      | Found a shimmering blue altar of Sif Muna.
  4598 | D:4      | Found a burning altar of Makhleb.
  4599 | D:4      | Found an ornate altar of the Wu Jian Council.
  4600 | D:4      | Found a glowing silver altar of Zin.
  4602 | D:4      | Found a shadowy altar of Dithmenos.
  4886 | D:4      | Gained mutation: You are covered in thick fur. (AC +2)
                  | [Felid growth]
  4886 | D:4      | Reached XP level 6. HP: 27/27 MP: 12/12
  4890 | D:4      | Reached skill level 1 in Hexes
  5007 | D:4      | Killed from afar by an orc priest
  5008 | D:4      | Reached XP level 5. HP: -4/23 MP: 3/11
  5040 | D:4      | Reached skill level 5 in Summonings
  5042 | D:4      | Noticed an ogre
  5056 | D:4      | Killed an ogre
  5057 | D:4      | Reached skill level 5 in Dodging
  5068 | D:4      | Reached XP level 6. HP: 26/27 MP: 0/12
  5456 | D:5      | Entered Level 5 of the Dungeon
  5607 | D:5      | Noticed a water moccasin
  5997 | D:5      | Identified the +8 long sword "Tocex" {freeze, Fly Will+}
  6043 | D:5      | Reached XP level 7. HP: 31/31 MP: 4/13
  7017 | D:5      | Reached skill level 6 in Dodging
  8053 | D:6      | Reached XP level 8. HP: 36/36 MP: 4/15
  8457 | D:6      | Found a shimmering altar of Xom.
  8487 | D:6      | Reached skill level 5 in Hexes
  8541 | D:6      | Found a white marble altar of Elyvilon.
  8562 | D:6      | Reached skill level 1 in Air Magic
  8654 | D:6      | Reached skill level 5 in Spellcasting
  8787 | D:6      | Reached skill level 7 in Dodging
  9512 | D:7      | Found a staircase to the Ecumenical Temple.
  9521 | D:7      | Found Baidghet's Magic Scroll Shoppe.
  9926 | Temple   | Entered the Ecumenical Temple
 10165 | Temple   | Became a worshipper of Gozag Ym Sagoz the Greedy
 10204 | D:7      | Bought a scroll of identify for 30 gold pieces
 10204 | D:7      | Bought a scroll of blinking for 112 gold pieces
 10204 | D:7      | Bought a scroll of teleportation for 45 gold pieces
 10204 | D:7      | Bought a scroll of identify for 30 gold pieces
 10609 | D:6      | Reached skill level 5 in Fighting
 10872 | D:7      | Reached XP level 9. HP: 40/40 MP: 15/18
 10912 | D:7      | Learned a level 4 spell: Summon Lightning Spire
 11071 | D:7      | Reached skill level 8 in Dodging
 12050 | D:8      | Reached skill level 9 in Dodging
 12327 | D:8      | Reached XP level 10. HP: 46/46 MP: 11/20
 13276 | D:9      | Found an iron altar of Okawaru.
 13342 | D:9      | Noticed a two-headed ogre
 13362 | D:9      | Killed a two-headed ogre
 13460 | D:9      | Reached skill level 5 in Air Magic
 13507 | D:9      | Reached skill level 10 in Dodging
 13897 | D:9      | Noticed Erolcha
 14699 | D:10     | Entered Level 10 of the Dungeon
 14715 | D:10     | Noticed a two-headed ogre
 14743 | D:10     | Killed a two-headed ogre
 15102 | D:10     | Bought a book of Rime for 392 gold pieces
 15107 | D:10     | Learned a level 4 spell: Summon Ice Beast
 15177 | D:10     | Reached XP level 11. HP: 50/50 MP: 21/23
 15277 | D:10     | Found a staircase to the Orcish Mines.
 15490 | D:10     | Reached skill level 1 in Ice Magic
 15922 | D:10     | Found a sacrificial altar of Ru.
 16205 | D:10     | Noticed a two-headed ogre
 16247 | D:10     | Killed a two-headed ogre
 16511 | D:11     | Noticed a five-headed hydra
 16522 | D:11     | Killed a five-headed hydra
 16523 | D:11     | Reached skill level 11 in Dodging
 16600 | D:11     | Found a staircase to the Lair.
 16710 | D:11     | Noticed Psyche
 16782 | D:10     | Bought a book of Scorching for 420 gold pieces
 16789 | D:10     | Learned a level 6 spell: Summon Cactus Giant
 16860 | Lair:1   | Entered Level 1 of the Lair of Beasts
 16868 | Lair:1   | Noticed Gastronok
 16889 | Lair:1   | Noticed a nameless horror
 16891 | Lair:1   | Killed Gastronok
 16912 | Lair:1   | Killed a nameless horror
 17718 | Lair:1   | Noticed an oklob plant
 18784 | Lair:2   | Noticed a catoblepas
 18816 | Lair:2   | Found a transporter.
 18820 | Lair:2   | Noticed Urhesoog's ghost (journeyman PaAM)
 18836 | Lair:2   | Found a transporter.
 18862 | Lair:2   | Gained mutation: Your thick and shaggy fur keeps you warm.
                  | (AC +3, rC+) [Felid growth]
 18862 | Lair:2   | Reached XP level 12. HP: 56/56 MP: 24/25
 19125 | Lair:2   | Noticed a seven-headed hydra
 19158 | Lair:2   | Killed a seven-headed hydra
 19182 | Lair:2   | Noticed an eight-headed hydra
 19564 | Lair:2   | Killed an eight-headed hydra
 19565 | Lair:2   | Reached skill level 12 in Dodging
 19575 | Lair:2   | Reached skill level 10 in Summonings
 20269 | Lair:2   | Noticed a seven-headed hydra
 20297 | Lair:2   | Killed a seven-headed hydra
 20414 | Lair:2   | Found a staircase to the Swamp.
 21078 | Lair:3   | Reached skill level 5 in Ice Magic
 21411 | Lair:3   | Reached skill level 13 in Dodging
 21610 | Lair:3   | Reached skill level 10 in Fighting
 21866 | Lair:3   | Found a hole to the Spider Nest.
 21890 | Lair:3   | Noticed a boulder beetle
 21926 | Lair:3   | Killed a boulder beetle
 22297 | Lair:3   | Reached XP level 13. HP: 61/61 MP: 27/27
 23031 | D:11     | Killed Psyche
 23174 | D:11     | Found a glowing silver altar of Zin.
 23969 | Lair:3   | Found a runed translucent gate.
 23970 | Lair:3   | Found a runed translucent gate.
 23971 | Lair:3   | Found a runed translucent gate.
 24454 | Lair:3   | Noticed Yjeari's ghost (journeyman GrMo)
 24554 | Lair:3   | Found a viscous altar of Jiyva.
 24622 | Lair:4   | Reached skill level 10 in Spellcasting
 24854 | Lair:4   | Reached skill level 14 in Dodging
 25516 | Lair:4   | Found a blossoming altar of Fedhas.
 26162 | D:9      | Killed Erolcha
 26288 | D:10     | Bought the Octavo of Attendants and the Spider for 700 gold
                  | pieces
 26294 | D:10     | Learned a level 5 spell: Summon Forest
 26435 | Lair:5   | Entered Level 5 of the Lair of Beasts
 26448 | Lair:5   | Reached skill level 1 in Translocations
 26949 | Lair:5   | Found a staircase to the Slime Pits.
 27215 | Lair:5   | Reached skill level 5 in Translocations
 27337 | Lair:5   | Slain by a spriggan rider
 27338 | Lair:5   | Reached XP level 12. HP: 0/60 MP: 0/27
 27375 | Lair:5   | Reached XP level 13. HP: 63/63 MP: 13/28
 28457 | Lair:5   | Reached skill level 15 in Dodging
 29187 | Orc:1    | Entered Level 1 of the Orcish Mines
 30279 | Orc:2    | Entered Level 2 of the Orcish Mines
 30554 | Orc:2    | Found Zidgheume's Weapon Emporium.
 30831 | Orc:2    | Found Atamm's Jewellery Emporium.
 30915 | Orc:2    | Found a staircase to the Elven Halls.
 30934 | Orc:2    | Found Puozuf's Jewellery Boutique.
 31011 | Orc:2    | Bought a ring of resist corrosion for 320 gold pieces
 31104 | Orc:2    | Found Viskemu's Jewellery Shop.
 31170 | Orc:2    | Reached skill level 10 in Translocations
 31443 | Orc:2    | Reached XP level 14. HP: 69/69 MP: 19/29
 31593 | Orc:2    | Reached skill level 16 in Dodging
 31835 | Orc:2    | Found Geschy's Armour Emporium.
 31872 | Orc:2    | Found Horghulu's Jewellery Emporium.
 31872 | Orc:2    | Found Enwet's Assorted Antiques.
 31934 | Orc:2    | Bought a potion of mutation for 152 gold pieces
 31934 | Orc:2    | Bought a scroll of magic mapping for 142 gold pieces
 31935 | Orc:2    | Bought the ring of Ru's Delight {rPois rC+ rN+} for 649
                  | gold pieces
 31935 | Orc:2    | Bought a ring of protection from fire for 425 gold pieces
 31935 | Orc:2    | Bought a ring of flight for 297 gold pieces
 31935 | Orc:2    | Bought a ring of protection from cold for 425 gold pieces
 32246 | Swamp:1  | Entered Level 1 of the Swamp
 32994 | Swamp:1  | Noticed Mlioglotl
 32999 | Swamp:1  | Noticed a starcursed mass
 33002 | Swamp:1  | Noticed a starcursed mass
 33012 | Swamp:1  | Noticed a starcursed mass
 33015 | Swamp:1  | Killed Mlioglotl
 33250 | Swamp:1  | Reached skill level 17 in Dodging
 35785 | Swamp:2  | Reached skill level 18 in Dodging
 36625 | Lair:3   | Reached XP level 15. HP: 68/75 MP: 12/30
 36717 | Spider:1 | Entered Level 1 of the Spider Nest
 36974 | Lair:3   | Bought a book of Blasting for 512 gold pieces
 36979 | Lair:3   | Learned a level 4 spell: Iskenderun's Mystic Blast
 37541 | Lair:3   | HP: 1/76 [demonic crawler (7)]
 37541 | Lair:3   | Mangled by a demonic crawler
 37542 | Lair:3   | Reached XP level 14. HP: -12/72 MP: 0/38
 37869 | Lair:3   | Reached skill level 1 in Conjurations
 39884 | Spider:1 | Identified the +4 plate armour of the Falcon {MP+9 Stlth+}
 40010 | Spider:1 | Noticed an emperor scorpion
 40022 | Spider:1 | Killed an emperor scorpion
 40467 | Spider:2 | Identified the +0 kite shield of an ossuary {Contam rCorr
                  | Str+4}
 40467 | Spider:2 | Noticed Asterion
 40478 | Spider:1 | Killed Asterion
 40681 | Spider:2 | Reached skill level 19 in Dodging
 40764 | Spider:2 | Noticed Aizul
 40799 | Lair:3   | Bought a book of the Dragon for 736 gold pieces
 40940 | Spider:2 | Reached skill level 1 in Transmutations
 41087 | Spider:2 | Killed Aizul
 41328 | Spider:2 | Reached skill level 15 in Fighting
 41533 | Spider:2 | Noticed an emperor scorpion
 41586 | Spider:2 | Killed an emperor scorpion
 41595 | Spider:2 | Slain by a jumping spider
 41596 | Spider:2 | Reached XP level 13. HP: -2/69 MP: 3/37
 41630 | Spider:2 | Reached XP level 14. HP: 35/73 MP: 19/30
 42015 | Spider:2 | Noticed Nikola
 42018 | Spider:2 | Killed from afar by Nikola

Illustrated notes

Levels and vault maps discovered:
D:1:      dpeg_arrival_ternary, layout_loops_corners
D:2:      layout_basic
D:3:      minmay_evil_eye, layout_basic, ebering_ghost_sewer_f, uniq_jessica
D:4:      layout_basic, minitemple, minmay_mini_jars
D:5:      layout_loops_cross, abandoned_shop, minivault_1, water_boxes_lemuel
D:6:      layout_loops_ring, brannock_xom_greatest_gift,
          nicolae_elyvilon_peaceful_grove, kennysheep_generic_room_10
D:7:      layout_gridville, minmay_temple_entry_trees, serial_shops,
          nicolae_shop_waterfront
D:8:      layout_loops_cross, minivault_4, lightli_orcish_oven
D:9:      layout_loops_corners, old_standard_altar, minmay_fractal_squares_5,
          uniq_erolcha
D:10:     layout_roguey, nicolae_ru_sacrificial_ziggurat, zombieorc2_lemuel
D:11:     layout_loops_ring, lair_entry_dummy, serial_glass, glass_columns_c,
          glass_columns_a, glass_columns_b, glass_columns_a, glass_columns_b,
          glass_columns_a, zin_scriptorium, uniq_psyche
D:12:     layout_basic
Temple:   minmay_temple_curvy_loop
Lair:1:   dpeg_oklob_gauntlet, layout_gridlike, small_statue_intersection,
          uniq_gastronok
Lair:2:   layout_chaotic_city, palyth_hydra_swamp_entry,
          gammafunk_ghost_berserking_beasts, cheibrodos_lair_lostbears
Lair:3:   layout_cave_pods, spider_nest_entry_a, gammafunk_ghost_ooze,
          grunt_megastairs_3, lemuel_fruit_fields, serial_bayou_shore_a
Lair:4:   layout_regular_city, hangedman_tree_tricks, grunt_megastairs_4
Lair:5:   minmay_lair_end_enchanted_forest, layout_layer_cave,
          minmay_slime_entry_pillars, lemuel_fruit_tree
Swamp:1:  layout_basic_swamp, nicolae_swamp_triple_paths, swamp_pool5,
          st_swamp_ruins_4, uniq_mlioglotl
Swamp:2:  layout_basic_swamp, evilmike_swamp_ruin_rubble_1,
          infiniplex_staircase_pool
Spider:1: layout_spider_delve, nicolae_spider_jagged_tunnels
Spider:2: layout_chambers, drop_trap, nicolae_spider_checkerboard,
          uniq_asterion, uniq_nikola, uniq_aizul
Orc:1:    layout_diamond_mine
Orc:2:    st_orc_ogre_mass, layout_caves, serial_shops, shop, shop_statue,
          nicolae_square_shop

Skill      XL: |  1  2  3  4  5  6  7  8  9 10 11 12 13 14 |
---------------+-------------------------------------------+-----
Dodging        | 3 4 5 6 7 9 10 11 13 15 19 | 19.0
Stealth        | 3 |  3.2
Fighting       | 1 2 3 4 5 6 7 8 10 12 15 | 15.0
Spellcasting   | 3 4 5 6 7 8 9 11 | 11.1
Hexes          | 2 3 4 5 |  5.0
Summonings     | 5 6 7 8 9 10 12 13 | 13.0
Air Magic      | 2 4 5 6 7 |  7.0
Ice Magic      | 3 5 |  5.0
Translocations | 6 10 | 10.0
Conjurations   | 3 |  3.3
Transmutations | 3 4 |  4.0

Action                   |  1- 3 |  4- 6 |  7- 9 | 10-12 | 13-15 || total
-------------------------+-------+-------+-------+-------+-------++-------
Melee: Unarmed           |    14 |    10 |     3 |    52 |    67 ||   146
       Bite              |       |     1 |       |     6 |    15 ||    22
       Punch             |       |       |       |       |     1 ||     1
 Cast: Summon Small Mamm |    67 |    27 |    86 |    73 |    35 ||   288
       Call Imp          |    17 |     8 |    17 |    16 |     5 ||    63
       Call Canine Famil |       |    34 |    50 |    44 |    33 ||   161
       Summon Guardian G |       |     4 |    43 |    65 |    62 ||   174
       Summon Lightning  |       |       |     3 |    70 |   147 ||   220
       Summon Ice Beast  |       |       |       |    47 |   100 ||   147
       Summon Cactus Gia |       |       |       |     2 |   128 ||   130
       Summon Forest     |       |       |       |     1 |    25 ||    26
       Iskenderun's Myst |       |       |       |       |    25 ||    25
Invok: Call Merchant     |       |       |       |     1 |     1 ||     2
       Potion Petition   |       |       |       |       |     2 ||     2
Evoke: Wand              |       |       |     2 |     1 |    22 ||    25
       Box of beasts     |       |       |       |       |     2 ||     2
  Use: Scroll            |     6 |     3 |     7 |     9 |    16 ||    41
       Potion            |       |       |     3 |     6 |    12 ||    21
 Stab: Sleeping          |     6 |     3 |       |     1 |       ||    10
       Distracted        |       |     1 |       |     1 |     1 ||     3
       Paralysed         |       |       |       |       |     2 ||     2
       Invisible         |       |       |       |       |     5 ||     5
Armor: Skin              |       |     1 |     4 |    40 |    27 ||    72
Dodge: Dodged            |    21 |    26 |    58 |   213 |   661 ||   979
